 Dungeon Sprint DCSS version 0.21-a0-460-g737a915 (webtiles) character file.

2952 Kidiri the Fighter (level 9, -4/103 HPs)
             Began as a Black Draconian Transmuter on Nov 20, 2017.
             Was an Elder of Sif Muna.
             Slain by a centaur warrior (8 damage)
             ... in the Dungeon (Sprint I: "Red Sonja").
             The game lasted 00:05:45 (1740 turns).

Kidiri the Fighter (Black Draconian Transmuter)     Turns: 1740, Time: 00:05:46

Health: -4/103     AC:  6    Str: 13    XL:     9   Next: 52%
Magic:  19/22      EV: 15    Int: 15    God:    Sif Muna [****..]
Gold:   846        SH:  0    Dex: 13    Spells: 11/26 levels left

rFire    x . .     SeeInvis .     - Unarmed
rCold    + + +     Gourm    .   (shield currently unavailable)
rNeg     . . .     Faith    .   (armour unavailable)
rPois    +         Spirit   .   (helmet currently unavailable)
rElec    .         Reflect  .   (cloak currently unavailable)
rCorr    .         Harm     .   (gloves currently unavailable)
MR       .....     NoTele   +   (boots currently unavailable)
Stlth    +++.......             (no amulet)
HPRegen  0.27/turn              (no ring)
MPRegen  0.18/turn              (no ring)

@: ice-form, hasted, very quick
A: (breathe lightning), unfitting armour, AC +7
a: End Transformation, Divine Energy, Channel Magic, Forget Spell, Renounce
Religion


You were in the Dungeon.
You worshipped Sif Muna.
Sif Muna was greatly pleased with you.
You were hungry.
You were a creature of crystalline ice.
You visited 1 branch You collected 846 gold pieces.

Inventory:

Missiles
 a - 3 arrows
Scrolls
 i - a scroll of blinking
Potions
 c - a potion of lignification {unknown}
 d - a potion of curing
 g - 2 potions of magic
Books
 b - a book of Changes

   Spells                             Type                      Level
   a - Beastly Appendage              Transmutation                1
   b - Sticks to Snakes               Transmutation                2
   c - Spider Form                    Transmutation/Poison         3
   d - Ice Form                       Ice/Transmutation            4
   e - Blade Hands                    Transmutation                5


   Skills:
 * Level 10.6 Fighting
 * Level 9.1 Dodging
 + Level 6.7 Stealth
 + Level 7.5 Unarmed Combat
 * Level 9.2 Spellcasting
 + Level 7.1 Transmutations
 + Level 6.1 Ice Magic
 + Level 6.1 Poison Magic


You had 11 spell levels left.
You knew the following spells:

 Your Spells              Type           Power        Failure   Level  Hunger
a - Beastly Appendage     Tmut           ####..       1%          1    None
b - Sticks to Snakes      Tmut           ####....     1%          2    None
c - Spider Form           Tmut/Pois      ####......   1%          3    #......
d - Ice Form              Ice/Tmut       ####....     7%          4    ###....
e - Blade Hands           Tmut           ####......   16%         5    #####..


Dungeon Overview and Level Annotations

Branches:
Dungeon (1/1)

Altars:
Cheibriados
Dithmenos
Elyvilon
Fedhas
Gozag
Hepliaklqana
Kikubaaqudgha
Makhleb
Nemelex Xobeh
Okawaru
Qazlal
Ru
Sif Muna
Trog
Uskayaw
Vehumet
Wu Jian
Xom
Yredelemnul
Zin
The Shining One
Jiyva
Lugonu

Shops:
D *([

Annotations:
D exclusion: 6 doors


Innate Abilities, Weirdness & Mutations

((You can breathe wild blasts of lightning.))
((Your glossy black scales are hard. (AC +7)))
You cannot fit into any form of body armour.
((You are resistant to electric shocks. (rElec)))
((You are cold-blooded and may be slowed by cold attacks.))


Message History

* * * LOW HITPOINT WARNING * * *
Unknown command.
You barely miss the centaur warrior.
The centaur warrior is almost dead.
The centaur warrior hits you.
* * * LOW HITPOINT WARNING * * *
The centaur warrior hits you!
* * * LOW HITPOINT WARNING * * *
Unknown command.
You punch the centaur warrior! You freeze the centaur warrior.
You kill the centaur warrior!
Sif Muna accepts your kill.
You can now freely open your mind to new spells.
Your Dodging skill increases to level 9!
Your Spellcasting skill increases to level 9!
Your Transmutations skill increases to level 7!
Your Ice Magic skill increases to level 6!
Your Poison Magic skill increases to level 6!
The centaur warrior hits you!
You die...

#######################
#..'..#.)'..#__#..+...#
').#..'..#..+..+..#.).#
#####+#####'#__####)..+
####..#...#.####§§#####
#__####..##.#§§§§c#
#_____##+#_.+≈§§Y§+
#_.∩...+..._#§≈§§§#
#_..__##_.#+##§####
#_____###'#.#.§))###
#########.####'###(##
.......+...'.....+)∩#
++++####.).##########
###.### #.#+#.#


You could see a centaur warrior.

Vanquished Creatures
  A centaur warrior (D)
  Sonja (D)
  A deep troll (D)
  2 kobold demonologists (D)
  A slime creature (D)
  Sigmund (D)
  A yak (D)
  A floating eye (D)
  An ogre (D)
  A jelly (D)
  Ijyb (D)
  A ballistomycete spore (D)
13 creatures vanquished.

Vanquished Creatures (others)
  A gargoyle (D)
  A ballistomycete spore (D)
2 creatures vanquished.

Grand Total: 15 creatures vanquished

Notes
Turn   | Place    | Note
-------+----------+-------------------------------------------
     0 | D        | Kidiri the Draconian Transmuter began the quest for the Orb.
     0 | D        | Reached XP level 1. HP: 16/16 MP: 3/3
     3 | D        | Noticed Ijyb
    51 | D        | Killed Ijyb
    51 | D        | Reached skill level 3 in Fighting
    51 | D        | Reached skill level 1 in Stealth
    51 | D        | Reached XP level 2. HP: 15/26 MP: 1/6
   188 | D        | Learned a level 2 spell: Sticks to Snakes
   192 | D        | Noticed an ogre
   212 | D        | Killed an ogre
   212 | D        | Reached skill level 4 in Fighting
   212 | D        | Reached XP level 3. HP: 21/34 MP: 0/8
   212 | D        | Reached XP level 4. HP: 25/41 MP: 0/10
   336 | D        | Learned a level 3 spell: Spider Form
   341 | D        | Learned a level 4 spell: Ice Form
   694 | D        | Noticed Sigmund
   702 | D        | Killed Sigmund
   702 | D        | Reached skill level 5 in Fighting
   702 | D        | Reached skill level 5 in Dodging
   702 | D        | Reached skill level 5 in Spellcasting
   702 | D        | Reached XP level 5. HP: 50/50 MP: 4/12
   763 | D        | Found an ornate altar of the Wu Jian Council.
   763 | D        | Found a deep blue altar of Sif Muna.
   765 | D        | Found a radiant altar of Vehumet.
   769 | D        | Reached skill level 6 in Fighting
   769 | D        | Reached XP level 6. HP: 57/57 MP: 9/14
   780 | D        | Became a worshipper of Sif Muna the Loreminder
   813 | D        | Found Xapaerie's Antique Weapon Emporium.
   813 | D        | Found an ancient bone altar of Kikubaaqudgha.
   813 | D        | Found a hazy altar of Hepliaklqana.
   813 | D        | Found a stormy altar of Qazlal.
   813 | D        | Found a hide-covered altar of Uskayaw.
   813 | D        | Found a blossoming altar of Fedhas.
   813 | D        | Found a bloodstained altar of Trog.
   813 | D        | Found an iron altar of Okawaru.
   813 | D        | Found a basalt altar of Yredelemnul.
   813 | D        | Found a glowing golden altar of the Shining One.
   813 | D        | Found a snail-covered altar of Cheibriados.
   813 | D        | Found a sacrificial altar of Ru.
   813 | D        | Found a glowing silver altar of Zin.
   813 | D        | Found a shadowy altar of Dithmenos.
   813 | D        | Found a white marble altar of Elyvilon.
   813 | D        | Noticed a yak
   820 | D        | Killed a yak
   820 | D        | Reached skill level 7 in Fighting
   820 | D        | Reached skill level 5 in Unarmed Combat
   821 | D        | Found an opulent altar of Gozag.
   822 | D        | Found a sparkling altar of Nemelex Xobeh.
   849 | D        | Learned a level 5 spell: Blade Hands
   902 | D        | Found a burning altar of Makhleb.
   902 | D        | Found a viscous altar of Jiyva.
   902 | D        | Found a shimmering altar of Xom.
   902 | D        | Found a corrupted altar of Lugonu.
   902 | D        | Noticed a slime creature
   908 | D        | Killed a slime creature
   908 | D        | Reached * piety under Sif Muna
   908 | D        | Reached skill level 5 in Transmutations
   908 | D        | Your scales start taking on a glossy black colour.
   908 | D        | Reached XP level 7. HP: 50/66 MP: 11/16
   908 | D        | Gained mutation: You are resistant to electric shocks. (rElec) [Black Draconian growth]
  1047 | D        | Noticed Sonja
  1052 | D        | Killed Sonja
  1052 | D        | Reached ** piety under Sif Muna
  1052 | D        | Reached skill level 8 in Fighting
  1052 | D        | Reached skill level 5 in Stealth
  1052 | D        | Reached XP level 8. HP: 75/75 MP: 12/19
  1069 | D        | Found Isihufoo's Assorted Antiques.
  1113 | D        | Noticed a kobold demonologist
  1114 | D        | Noticed a kobold demonologist
  1122 | D        | Killed a kobold demonologist
  1122 | D        | Reached skill level 9 in Fighting
  1122 | D        | Reached skill level 5 in Ice Magic
  1126 | D        | Killed a kobold demonologist
  1126 | D        | Reached *** piety under Sif Muna
  1126 | D        | Reached skill level 5 in Poison Magic
  1157 | D        | Killed a gargoyle
  1379 | D        | Noticed a deep troll
  1396 | D        | Killed a deep troll
  1396 | D        | Reached skill level 10 in Fighting
  1396 | D        | Reached XP level 9. HP: 8/85 MP: 18/21
  1407 | D        | Found Genouwir's Armour Emporium.
  1724 | D        | Noticed a centaur warrior
  1724 | D        | Noticed a centaur warrior
  1739 | D        | HP: 4/102 [centaur warrior (11)]
  1740 | D        | Killed a centaur warrior
  1740 | D        | Reached **** piety under Sif Muna
  1740 | D        | Slain by a centaur warrior

Vault maps used:
D:        dungeon_sprint_1

Skill      XL: |  1  2  3  4  5  6  7  8  9 |
---------------+----------------------------+-----
Fighting       | 3 4 5 6 7 8 10 | 10.6
Dodging        | 3 4 5 6 7 8 9 |  9.1
Stealth        | 1 2 3 4 5 6 |  6.7
Spellcasting   | 3 4 5 6 7 8 9 |  9.2
Unarmed Combat | 4 5 6 7 |  7.5
Transmutations | 3 4 5 6 7 |  7.1
Ice Magic      | 2 3 4 5 6 |  6.1
Poison Magic   | 2 3 4 5 6 |  6.1

Action                   |  1- 3 |  4- 6 |  7- 9 || total
-------------------------+-------+-------+-------++-------
Melee: Unarmed           |    50 |    17 |    32 ||    99
       Kick              |    12 |       |       ||    12
       Tailslap          |     4 |       |     1 ||     5
       Punch             |     1 |       |       ||     1
 Cast: Beastly Appendage |     6 |       |       ||     6
       Sticks to Snakes  |     3 |     6 |       ||     9
       Spider Form       |       |     1 |       ||     1
       Ice Form          |       |     3 |     3 ||     6
       Blade Hands       |       |       |     2 ||     2
 Abil: Breathe Lightning |       |       |     1 ||     1
  Use: Potion            |     1 |       |     5 ||     6
       Scroll            |       |       |     1 ||     1
 Stab: Sleeping          |       |     2 |     6 ||     8
  Eat: Bread ration      |       |     1 |       ||     1
Armor: Skin              |    14 |       |     5 ||    19
Dodge: Dodged            |    21 |     6 |    25 ||    52

Table legend:
 A = Spawn XP
 B = Non-spawn XP
 C = Spawn XP percentage of total XP
 D = Spawn monster count
 E = Non-spawn monster count
 F = Spawn count percentage of total count
 G = Total turns spent on level
                    A         B        C        D         E        F      G
               +---------+---------+-------+---------+---------+-------+---------
         Total |       0 |    4218 |   0.0 |       0 |      12 |   0.0 |  1740
               +---------+---------+-------+---------+---------+-------+---------
             D |       0 |    4218 |   0.0 |       0 |      12 |   0.0 |  1740
               +---------+---------+-------+---------+---------+-------+---------
